 Dungeon Crawl Stone Soup version 0.28-a0-1074-g3cb2360906 (webtiles) character file.

Game seed: 5891424580487470114

503 Lavandula the Bolt Thrower (level 7, -16/57 HPs)
             Began as a Naga Arcane Marksman on Dec 9, 2021.
             Demolished by a troll (18 damage)
             ... on level 5 of the Dungeon.
             The game lasted 00:05:00 (3003 turns).

Lavandula the Bolt Thrower (Naga Arcane Marksman)   Turns: 3003, Time: 00:05:00

Health: -16/57     AC:  3    Str: 14    XL:     7   Next: 17%
Magic:  8/8        EV:  9    Int: 14    God:
Gold:   45         SH:  0    Dex: 11    Spells: 7/8 levels left

rFire   . . .      SeeInvis +   a - +0 hand crossbow
rCold   . . .      Faith    .   (no shield)
rNeg    + . .      Spirit   .   d - +0 robe
rPois   +          Reflect  .   (no helmet)
rElec   .          Harm     .   (no cloak)
rCorr   .          Rampage  .   (no gloves)
Will    .....      Clarity  +   (no barding)
Stlth   +.........              (no amulet)
HPRegen 0.19/turn               m - ring of positive energy
MPRegen 0.11/turn               (no ring)

@: brilliant, short of breath, unable to read, very slow
A: AC +2, large, see invisible, deformed body, poison resistance, slowness 2,
spit poison 1, naga tail 1, clarity, inability to read while threatened
a: Spit Poison


You were on level 5 of the Dungeon.
You visited 1 branch of the dungeon, and saw 4 of its levels.

You collected 45 gold pieces.

Inventory:

Hand Weapons
 a - a +0 hand crossbow (weapon)
 f - a +0 short sword
Missiles
 c - 59 bolts (quivered ammo)
 j - 2 throwing nets
Armour
 d - a +0 robe (worn)
Magical Staves
 o - a staff of poison
Jewellery
 m - a ring of positive energy (left hand)
Wands
 l - a wand of iceblast (10)
Scrolls
 e - a scroll of teleportation
 g - a scroll of identify {unknown}
 h - 2 scrolls of enchant armour {unknown}
 i - 2 scrolls of immolation {unknown}
 k - a scroll of torment {unknown}
 n - a scroll of enchant weapon {unknown}
Potions
 b - 2 potions of curing {unknown}
 p - 2 potions of might {unknown}
 q - a potion of brilliance


   Skills:
 - Level 1.0 Fighting
 + Level 6.9 Crossbows
 - Level 1.5 Dodging
 - Level 1.0 Spellcasting
 - Level 3.0 Hexes


You had 7 spell levels left.
You knew the following spells:

 Your Spells              Type           Power      Damage    Failure   Level
a - Slow                  Hex            52%        N/A       8%          1

Your spell library contained the following spells:

 Spells                   Type           Power      Damage    Failure   Level
 Freeze                   Ice            4%         1d3       26%         1
 Inner Flame              Hex/Fire       7%         N/A       38%         3
 Portal Projectile        Hex/Tloc       14%        N/A       38%         3
 Cause Fear               Hex            6%         N/A       58%         4
 Frozen Ramparts          Ice            2%         1d2       61%         3
 Hailstorm                Conj/Ice       1%         3d3       95%         4


Dungeon Overview and Level Annotations

Branches:
Dungeon (5/15)
 Temple: D:4-7

Altars:
Cheibriados


Innate Abilities, Weirdness & Mutations

Your serpentine skin is tough. (AC +2)
You have supernaturally acute eyesight. (SInv)
Armour fits poorly on your strangely shaped body.
Your system is resistant to poisons. (rPois)
You cover ground very slowly.
You can spit poison.
You have a snake-like lower body.
You possess an exceptional clarity of mind.
You sometimes lose the ability to read scrolls when taking damage.


Message History

Aim: a troll (chance to affect: 44%)
Okay, then.
Okay, then.
You shoot a bolt. The bolt barely misses the troll.
You hear a splash.
You shoot a bolt. The bolt barely misses the troll.
You hear a splash.
Okay, then.
You shoot a bolt. The bolt hits the troll.
The troll is lightly wounded.
You hear a splash.
You have got your breath back.
Aiming: Spit Poison (1% risk of failure)
Press: ? - help, Shift-Dir - straight line, f/p - troll
Aim: a troll The splash of poison hits the troll.
The troll is poisoned.
The troll is lightly wounded.
The troll bites you. The troll closely misses you. The troll claws you.
Unknown command.
Okay, then.
Okay, then.
Unknown command.
You shoot a bolt. The bolt closely misses the troll.
The troll completely misses you. The troll claws you but does no damage.
The troll claws you.
You shoot a bolt. The bolt hits the troll.
The troll is lightly wounded.
You hear a splash.
The troll barely misses you. The troll claws you!
You feel threatened and lose the ability to read scrolls!
The troll claws you! The troll bites you.
* * * LOW HITPOINT WARNING * * *
The troll claws you but does no damage. The troll claws you!
* * * LOW HITPOINT WARNING * * *
You cannot read scrolls in your current state!
Unknown command.
It was a potion of brilliance.
You feel clever all of a sudden. The troll bites you!!
You die...

....## #....######
. #.#'##≈≈$P. ..
#.#.#S≈≈PP. #.
#.#.#S|?P.. #(
#.#≈#S≈.... #≈#
#.#≈##≈.?P. #≈(
#.##≈######## #T##
...##†##≈).≈. #.@#
#####.#≈≈?≈P. +#.#
### #.#S≈.≈.. #≈#
..###.#≈≈$P.. #≈#
....#.##≈.≈.. ##≈#
..####.########.###
### ##≈≈≈≈....##.#
# ###########.# #
#.#


You could see a troll (poisoned).

Vanquished Creatures
  An ogre (D:5)
  2 scorpions
  An orc priest (D:4)
  A bullfrog skeleton (D:5)
  An iguana (D:5)
  A scorpion zombie (D:5)
  A killer bee zombie (D:5)
  A mummy (D:4)
  5 adders
  A shadow imp (D:5)
  2 dart slugs
  A fire bat (D:4)
  2 orcs (D:5)
  An endoplasm (D:4)
  2 giant cockroaches
  2 goblins
  3 hobgoblins
  5 ball pythons
  12 bats
  8 frilled lizards
  5 kobolds
  A rat (D:1)
59 creatures vanquished.

Notes
Turn   | Place    | Note
-------+----------+-------------------------------------------
     0 | D:1      | Lavandula the Naga Arcane Marksman began the quest for the
                  | Orb.
     0 | D:1      | Reached XP level 1. HP: 18/18 MP: 2/2
    41 | D:1      | Reached skill level 2 in Crossbows
    62 | D:1      | Reached XP level 2. HP: 15/25 MP: 3/3
   766 | D:2      | Reached skill level 3 in Crossbows
   766 | D:2      | Reached XP level 3. HP: 31/31 MP: 4/4
  1224 | D:2      | You fall into a shaft and drop 2 floors!
  1235 | D:4      | Noticed a scorpion
  1245 | D:4      | Killed a scorpion
  1246 | D:4      | Reached skill level 4 in Crossbows
  1246 | D:4      | Reached XP level 4. HP: 26/38 MP: 5/5
  1361 | D:4      | Found a snail-covered altar of Cheibriados.
  1365 | D:4      | Reached XP level 5. HP: 43/44 MP: 6/6
  1563 | D:4      | Reached skill level 5 in Crossbows
  1634 | D:4      | Gained mutation: You sometimes lose the ability to read
                  | scrolls when taking damage. [potion of mutation]
  1634 | D:4      | Gained mutation: You possess an exceptional clarity of
                  | mind. [potion of mutation]
  1925 | D:5      | Entered Level 5 of the Dungeon
  1926 | D:5      | Noticed an ogre
  1932 | D:4      | Reached XP level 6. HP: 32/51 MP: 7/7
  2361 | D:5      | Reached skill level 6 in Crossbows
  2557 | D:5      | Reached XP level 7. HP: 57/57 MP: 8/8
  2995 | D:5      | Noticed a troll
  3002 | D:5      | HP: 2/57 [troll (13)]
  3003 | D:5      | Demolished by a troll

Illustrated notes

Levels and vault maps discovered:
D:1:      onia_arrival_pyramid, layout_basic
D:2:      kennysheep_big_flooded_room, layout_basic
D:4:      layout_loops_cross, slow_altar_1, goddamned_bats
D:5:      cheibrodos_two_vegetables, layout_loops_ring, hangedman_decor_growths,
          grunt_ministairs_10, minmay_misc_feat_columns, minmay_strange_pillars

Skill      XL: |  1  2  3  4  5  6 |
---------------+-------------------+-----
Crossbows      | 2 3 4 5 6 |  6.9
Fighting       | |  1.0
Dodging        | |  1.5
Spellcasting   | |  1.0
Hexes          | |  3.0

Action                   |  1- 3 |  4- 6 |  7- 9 || total
-------------------------+-------+-------+-------++-------
 Fire: Hand crossbow     |    46 |    64 |    31 ||   141
 Abil: Spit Poison       |    20 |    11 |     4 ||    35
  Use: Potion            |     1 |     2 |     1 ||     4
       Scroll            |     1 |     2 |       ||     3
Armor: Robe              |     5 |    41 |     9 ||    55
Dodge: Dodged            |     9 |    47 |    12 ||    68

Table legend: (Time is in decaauts)
 A = Elapsed time spent in this place.
 B = Non-inter-level travel time spent in this place.
 C = Inter-level travel time spent in this place.
 D = Time resting spent in this place.
 E = Time spent auto-exploring this place.
 F = Levels seen in this place.
 G = Mean time per level.
                   A        B        C        D        E       F      G
               +--------+--------+--------+--------+--------+-----+--------+
         Total |   3670 |   3643 |     27 |    558 |   2605 |   4 |  917.5 |
       Dungeon |   3670 |   3643 |     27 |    558 |   2605 |   4 |  917.5 |
               +--------+--------+--------+--------+--------+-----+--------+

Top non-repeatable levels by time:
     D:5: 1096 daAuts
     D:4: 970 daAuts
     D:1: 923 daAuts
     D:2: 678 daAuts
